 Dungeon Crawl Stone Soup version 0.26-a0-667-g92642533e4 (webtiles) character file.

Game seed: 14214645092820847674

1015 jiml777 the Digger (level 8, -2/46 HPs)
             Began as a Gargoyle Earth Elementalist on Oct 17, 2020.
             Was an Initiate of Sif Muna.
             Slain by an orc warrior
             ... wielding a +0 dire flail
              (34 damage)
             ... on level 6 of the Dungeon.
             The game lasted 00:30:10 (5126 turns).

jiml777 the Digger (Gargoyle Earth Elementalist)    Turns: 5126, Time: 00:30:11

Health: -2/46      AC: 11    Str: 11    XL:     8   Next: 21%
Magic:  13/13      EV: 12    Int: 19    God:    Sif Muna [......]
Gold:   290        SH:  0    Dex: 10    Spells: 8/14 levels left

rFire    . . .     SeeInvis .   o - +6 quarterstaff (chaos)
rCold    . . .     Faith    .   (shield currently unavailable)
rNeg     + . .     Spirit   .   E - +1 robe {MR+}
rPois    ∞         Reflect  .   (no helmet)
rElec    +         Harm     .   n - +0 cloak
rCorr    .         Rampage  .   v - +0 pair of gloves
MR       +....                  m - +0 pair of boots
Stlth    ++........             y - amulet of regeneration
HPRegen  0.55/turn              (no ring)
MPRegen  0.13/turn              (no ring)

@: no status effects
A: negative energy resistance 1, electricity resistance, unbreathing,
petrification resistance, rot immunity, AC +5
a: Renounce Religion


You were on level 6 of the Dungeon.
You worshipped Sif Muna.
Sif Muna was noncommittal.
You visited 2 branches of the dungeon, and saw 7 of its levels.

You collected 290 gold pieces.

Inventory:

Hand Weapons
 g - a +0 hunting sling
 o - a +6 quarterstaff of chaos (weapon)
 u - a +3 dagger
 x - a +1 vorpal shortbow
Missiles
 a - 103 sling bullets
 b - 144 stones (quivered)
 d - 93 arrows
 f - 7 boomerangs
 z - 13 bolts
Armour
 m - a +0 pair of boots (worn)
 n - a +0 cloak (worn)
 p - a +2 robe
 v - a +0 pair of gloves (worn)
 E - a +1 robe of magic resistance (worn)
Jewellery
 y - an amulet of regeneration (around neck)
 B - an uncursed amulet of reflection
 D - an uncursed ring of fire
Wands
 k - a wand of flame (34)
 s - a wand of acid (12)
Scrolls
 c - 2 scrolls of teleportation
 r - a scroll of remove curse
Potions
 e - a potion of haste
 h - 4 potions of stabbing
 i - 2 potions of resistance
 j - a potion of curing
 l - 2 potions of might
 q - a potion of ambrosia
 t - 2 potions of brilliance
 w - a potion of berserk rage {unknown}
 A - a potion of flight {unknown}


   Skills:
 + Level 3.1 Fighting
   Level 1.0(3.4) Maces & Flails
 - Level 5.3 Staves
 + Level 2.9 Dodging
 + Level 4.0 Stealth
 * Level 3.6 Spellcasting
 * Level 0.8 Conjurations
 * Level 1.2 Transmutations
 * Level 5.4 Earth Magic


You had 8 spell levels left.
You knew the following spells:

 Your Spells              Type           Power        Failure   Level
a - Sandblast             Erth           ###...       1%          1
b - Stone Arrow           Conj/Erth      ###...       12%         3
c - Passwall              Tmut/Erth      ###.....     5%          2

Your spell library contained the following spells:

 Spells                   Type           Power        Failure   Level
 Apportation              Tloc           #.....       14%         1
 Petrify                  Tmut/Erth      ###.....     36%         4
 Lesser Beckoning         Tloc           #.........   41%         3
 Tukima's Dance           Hex            #.......     41%         3
 Lee's Rapid Deconstruct  Erth           ###.......   41%         5
 Alistair's Intoxication  Tmut/Pois      #........    97%         5
 Invisibility             Hex            #.......     100%        6


Dungeon Overview and Level Annotations

Branches:
Dungeon (6/15)             Temple (1/1) D:5

Altars:
Ashenzari
Cheibriados
Dithmenos
Elyvilon
Fedhas
Gozag
Hepliaklqana
Kikubaaqudgha
Makhleb
Okawaru
Qazlal
Ru
Sif Muna
Trog
Uskayaw
Wu Jian
Xom
Yredelemnul
Zin

Annotations:
D:3 3 runed translucent doors, R007833r's ghost, amateur DEHu


Innate Abilities, Weirdness & Mutations

You are resistant to torment.
Your stone body is resilient. (AC +5)
You are immune to poison.
You resist negative energy. (rN+)
You are resistant to electric shocks. (rElec)
You can survive without breathing.
You are immune to petrification.
You are immune to rotting.


Message History

The orc warrior misses you.
The worker ant bites you but does no damage.
The orc closely misses you.
The orc wizard hits you but does no damage.
You hit the orc warrior.
The orc warrior is moderately wounded.
The worker ant bites you but does no damage.
The orc warrior barely misses you.
The orc wizard hits you with a +0 dagger.
The worker ant closely misses you.
You hit the orc warrior.
The orc warrior is moderately wounded.
The orc misses you. The orc warrior misses you.
The worker ant bites you but does no damage.
The orc wizard closely misses you.
You hit the orc warrior.
The orc warrior goes berserk!
The orc warrior is heavily wounded.
The orc warrior hits you with a +0 dire flail!!
Ouch! That really hurt!
You die...

##+##
##...##
##.....##
##.......##
#.........#
+....o....+
#..<.o....#
#<.@o...#
##..B..##
##...##
##+##


You could see an orc warrior (berserk), a worker ant, an orc wizard and an orc.

Vanquished Creatures
  Sigmund (D:5)
  Edmund (D:5)
  A sky beast (D:5)
  A centaur (D:5)
  A bullfrog zombie (D:5)
  A jelly (D:5)
  Crazy Yiuf (D:2)
  2 orc priests
  Jessica (D:2)
  3 orc wizards
  4 worker ants
  4 gnolls (D:5)
  8 adders
  2 white imps (D:5)
  An ooze (D:2)
  An adder zombie (D:5)
  5 worms
  A dart slug (D:1)
  2 leopard geckos
  14 orcs
  3 giant cockroaches
  7 goblins
  6 hobgoblins
  2 jackals (D:2)
  2 ball pythons
  7 bats
  7 frilled lizards
  10 kobolds
  8 rats
107 creatures vanquished.

Notes
Turn   | Place    | Note
-------+----------+-------------------------------------------
     0 | D:1      | jiml777 the Gargoyle Earth Elementalist began the quest for
                  | the Orb.
     0 | D:1      | Reached XP level 1. HP: 10/10 MP: 3/3
   304 | D:1      | Reached XP level 2. HP: 9/15 MP: 1/5
   432 | D:1      | Found a broken altar of Ashenzari.
  1300 | D:2      | Reached XP level 3. HP: 20/20 MP: 4/6
  1338 | D:2      | Found an iron altar of Okawaru.
  1550 | D:2      | Found a runed translucent door.
  1551 | D:2      | Noticed Crazy Yiuf
  1560 | D:2      | Killed Crazy Yiuf
  1560 | D:2      | Reached skill level 1 in Maces & Flails
  1560 | D:2      | Reached XP level 4. HP: 16/24 MP: 0/8
  1923 | D:2      | Noticed Jessica
  1940 | D:2      | Killed Jessica
  2303 | D:2      | Found a snail-covered altar of Cheibriados.
  2317 | D:2      | Reached skill level 1 in Fighting
  2317 | D:2      | Reached XP level 5. HP: 29/29 MP: 9/9
  2712 | D:3      | Found a runed translucent gate.
  2713 | D:3      | Found a runed translucent gate.
  2715 | D:3      | Found a runed translucent gate.
  2715 | D:3      | Noticed R007833r's ghost (amateur DEHu)
  2725 | D:3      | Reached skill level 5 in Earth Magic
  2730 | D:3      | Reached skill level 1 in Staves
  3553 | D:4      | Reached XP level 6. HP: 22/34 MP: 11/11
  4188 | D:5      | Entered Level 5 of the Dungeon
  4212 | D:5      | Found a hazy altar of Hepliaklqana.
  4234 | D:5      | Noticed Sigmund
  4265 | D:5      | Killed Sigmund
  4265 | D:5      | Reached XP level 7. HP: 39/40 MP: 12/12
  4519 | D:5      | Noticed Edmund
  4541 | D:5      | Killed Edmund
  4541 | D:5      | Reached skill level 5 in Staves
  4559 | D:5      | Reached XP level 8. HP: 23/45 MP: 13/13
  4635 | D:5      | Noticed a water elemental
  4649 | D:5      | Found a stormy altar of Qazlal.
  4652 | D:5      | Noticed an air elemental
  4671 | D:5      | Learned a level 3 spell: Stone Arrow
  4674 | D:5      | Learned a level 2 spell: Passwall
  4761 | D:5      | Found a staircase to the Ecumenical Temple.
  4829 | D:5      | Reached skill level 1 in Transmutations
  4896 | Temple   | Entered the Ecumenical Temple
  4983 | Temple   | Became a worshipper of Sif Muna the Loreminder
  5126 | D:6      | Slain by an orc warrior

Illustrated notes

Levels and vault maps discovered:
D:1:      psy_arrival_conway, layout_basic, nicolae_ashenzari_panopticon
D:2:      layout_loops_ring, nicolae_overflow_crystal_walls,
          cheibriados_altar_1, uniq_jessica, uniq_crazy_yiuf_cottage
D:3:      layout_loops_ring, ebering_ghost_rock_garden, serial_rivers,
          chequers_serial_rivers_micro_c, chequers_serial_rivers_micro_c,
          chequers_serial_rivers_large_a, chequers_serial_rivers_room_a,
          chequers_serial_rivers_small_b, chequers_serial_rivers_micro_c,
          minmay_misc_feat_diagonals
D:4:      layout_gridville
D:5:      layout_gridville, nicolae_qazlal_style_of_elements,
          kennysheep_mini_moat, minmay_temple_entry_mini_moons, uniq_sigmund,
          uniq_edmund
D:6:      layout_loops_corners
Temple:   kb_temple_of_zot

Skill      XL: |  1  2  3  4  5  6  7  8 |
---------------+-------------------------+-----
Earth Magic    | 4 5 |  5.4
Dodging        | 2 |  2.9
Maces & Flails | 1 |  1.0
Spellcasting   | 3 |  3.6
Fighting       | 1 2 3 |  3.1
Staves         | 1 3 5 |  5.3
Stealth        | 3 4 |  4.0
Transmutations | 1 |  1.2
Conjurations   | |  0.8

Action                   |  1- 3 |  4- 6 |  7- 9 || total
-------------------------+-------+-------+-------++-------
Melee: Mace              |    42 |    18 |       ||    60
       Quarterstaff      |       |   102 |    57 ||   159
 Cast: Sandblast         |    35 |    27 |     8 ||    70
  Use: Scroll            |     3 |     6 |     8 ||    17
 Stab: Sleeping          |     1 |     4 |     1 ||     6
       Petrifying        |       |     1 |       ||     1
Armor: Robe              |    20 |    58 |    39 ||   117
Dodge: Dodged            |    44 |    89 |    30 ||   163

Table legend: (Time is in decaauts)
 A = Elapsed time spent in this place.
 B = Non-inter-level travel time spent in this place.
 C = Inter-level travel time spent in this place.
 D = Time resting spent in this place.
 E = Time spent auto-exploring this place.
 F = Levels seen in this place.
 G = Mean time per level.
                   A        B        C        D        E       F      G
               +--------+--------+--------+--------+--------+-----+--------+
         Total |   5191 |   4997 |    194 |    695 |   2610 |   7 |  741.6 |
       Dungeon |   5081 |   4909 |    172 |    695 |   2605 |   6 |  846.8 |
        Temple |    109 |     87 |     22 |      0 |      5 |   1 |  109.0 |
               +--------+--------+--------+--------+--------+-----+--------+

Top non-repeatable levels by time:
     D:1: 1303 daAuts
     D:2: 1237 daAuts
     D:3: 989 daAuts
     D:5: 825 daAuts
     D:4: 717 daAuts
  Temple: 109 daAuts
     D:6: 7 daAuts
